 Dungeon Crawl Stone Soup version 0.22-a0-877-g5c4e1afb51 (webtiles) character file.

2284 Htamos the Skirmisher (level 9, -7/71 HPs)
             Began as a Human Wanderer on July 29, 2018.
             Was an Initiate of Okawaru.
             Mangled by a hippogriff (8 damage)
             ... on level 7 of the Dungeon.
             The game lasted 00:19:59 (11064 turns).

Htamos the Skirmisher (Human Wanderer)             Turns: 11064, Time: 00:20:00

Health: -7/71      AC:  4    Str: 17      XL:     9   Next: 66%
Magic:  9/9        EV: 24    Int: 10 (11) God:    Okawaru [......]
Gold:   342        SH:  0    Dex: 15      Spells: 8/8 levels left

rFire    . . .     SeeInvis .     - Unarmed
rCold    . . .     Gourm    .   (no shield)
rNeg     . . .     Faith    .   m - +2 robe {MR+}
rPois    +         Spirit   .   (no helmet)
rElec    .         Reflect  .   (no cloak)
rCorr    .         Harm     .   (no gloves)
MR       +....     Clarity  +   (no boots)
Stlth    ++........             (no amulet)
HPRegen  0.21/turn              g - +4 ring of evasion
MPRegen  0.11/turn              o - +4 ring of evasion

@: about to teleport, starving
A: agile 1, clarity, deterioration 1, poison resistance
a: Renounce Religion


You were on level 7 of the Dungeon.
You worshipped Okawaru.
Okawaru was noncommittal.
You were starving.

You visited 2 branches of the dungeon, and saw 8 of its levels.

You collected 342 gold pieces.

Inventory:

Hand Weapons
 a - a +2 dagger
 d - a +0 hand axe
 e - a +0 dagger of draining
Armour
 i - a +1 scale mail
 m - a +2 robe of magic resistance (worn)
Jewellery
 b - an uncursed ring of positive energy
 g - a +4 ring of evasion (left hand)
 j - an uncursed ring of resist corrosion
 o - a +4 ring of evasion (right hand)
Wands
 c - a wand of digging (10)
Scrolls
 k - 3 scrolls of amnesia
 q - a scroll of immolation
Potions
 h - a potion of flight
 l - a potion of resistance
Comestibles
 f - 17 rations
 p - 2 chunks of flesh


   Skills:
 + Level 6.8 Fighting
 - Level 1.0 Axes
 + Level 6.1 Armour
 + Level 6.0 Dodging
 - Level 2.0 Stealth
 + Level 5.9 Unarmed Combat
   Level 1.0 Transmutations
   Level 2.0 Fire Magic


You had 8 spell levels left.
You didn't know any spells.
Your spell library contained the following spells:

 Spells                   Type           Power        Failure   Level  Hunger
 Magic Dart               Conj           #...         36%         1    ##.....
 Conjure Flame            Conj/Fire      #.......     58%         3    ####...
 Slow                     Hex            #.......     50%         2    ###....
 Mephitic Cloud           Conj/Pois/Air  #.......     75%         3    ####...
 Blink                    Tloc           N/A          50%         2    ###....
 Call Imp                 Summ           #.......     50%         2    ###....


Dungeon Overview and Level Annotations

Branches:
Dungeon (7/15)             Temple (1/1) D:6

Altars:
Ashenzari
Cheibriados
Elyvilon
Kikubaaqudgha
Nemelex Xobeh
Okawaru
Ru
Sif Muna
Trog
Uskayaw
Vehumet
Wu Jian
Yredelemnul
The Shining One
Beogh
Lugonu

Annotations:
D:3 exclusion: downstairs


Innate Abilities, Weirdness & Mutations

You are agile. (Dex +2)
You possess an exceptional clarity of mind.
Your body sometimes deteriorates upon taking damage.
Your system is resistant to poisons. (rPois)


Message History

The hungry ghost completely misses you.
Unknown command.
You barely miss the hungry ghost.
The hungry ghost is lightly damaged.
The slime creature hits you!
* * * LOW HITPOINT WARNING * * *
The hungry ghost closely misses you.
Unknown command.
You barely miss the hungry ghost.
The hungry ghost is lightly damaged.
Your surroundings suddenly seem different.
A hippogriff comes into view.
A hound comes into view.
Unknown command.
Evoke which item? (* to show all) (? for menu, Esc to quit)
Okay, then.
As you read the scroll of teleportation, it crumbles to dust.
You feel strangely unstable. The hippogriff completely misses you.
The hippogriff pecks you!
You die...

######## #......#
#......#
#......###
#.@.......
#.H.......
#...h.....
#.........
+.........
#.##..###########
#. ..#......#..#
#. ..#..###.#..#
............
##.#...#.##


You could see a hippogriff and a hound (sleeping).

Vanquished Creatures
  Pikel (D:2)
  The ghost of AIAndy the Changer, a novice OpTm (D:6)
  Sigmund (D:3)
  Eustachio (D:4)
  Edmund (D:5)
  An orc warrior (D:3)
  4 slaves
  An ogre (D:4)
  4 bullfrogs
  2 scorpions (D:6)
  2 crimson imps
  2 orc priests (D:4)
  2 orc wizards (D:4)
  Jessica (D:3)
  Ijyb (D:3)
  An iguana (D:4)
  5 worker ants
  Robin (D:4)
  9 adders
  A shadow imp (D:5)
  3 worms
  13 dart slugs
  4 leopard geckos
  24 orcs
  2 ball pythons
  6 giant cockroaches
  17 goblins
  4 hobgoblins
  10 jackals
  3 kobolds
  2 quokkas (D:6)
  4 bats
  5 frilled lizards
  4 rats
143 creatures vanquished.

Notes
Turn   | Place    | Note
-------+----------+-------------------------------------------
     0 | D:1      | Htamos the Human Wanderer began the quest for the Orb.
     0 | D:1      | Htamos set off with: a +2 dagger, a potion of heal wounds, a +0 ring mail, a +0 hand axe, a ration
     0 | D:1      | Reached XP level 1. HP: 18/18 MP: 1/1
   245 | D:1      | Reached XP level 2. HP: 19/24 MP: 2/2
   712 | D:1      | Reached skill level 1 in Dodging
   712 | D:1      | Reached skill level 1 in Unarmed Combat
   712 | D:1      | Reached XP level 3. HP: 26/29 MP: 3/3
  1289 | D:2      | Found an ancient bone altar of Kikubaaqudgha.
  1410 | D:2      | Reached XP level 4. HP: 34/35 MP: 4/4
  2348 | D:2      | Found a basalt altar of Yredelemnul.
  3172 | D:3      | Reached XP level 5. HP: 15/42 MP: 5/5
  3477 | D:3      | Noticed Jessica
  3489 | D:3      | Killed Jessica
  4420 | D:3      | Found a radiant altar of Vehumet.
  4727 | D:4      | Noticed an ogre
  4728 | D:4      | Gained mutation: Your body sometimes deteriorates upon taking damage. [potion of mutation]
  4728 | D:4      | Gained mutation: You possess an exceptional clarity of mind. [potion of mutation]
  4728 | D:4      | Gained mutation: You are agile. (Dex +2) [potion of mutation]
  4728 | D:4      | Gained mutation: Your system is resistant to poisons. (rPois) [potion of mutation]
  4843 | D:4      | Noticed Ijyb
  4850 | D:4      | Killed an ogre
  4850 | D:4      | Reached XP level 6. HP: 38/48 MP: 6/6
  4888 | D:3      | Killed Ijyb
  5050 | D:4      | Noticed Sigmund
  5052 | D:4      | Noticed Eustachio
  5222 | D:3      | Killed Sigmund
  5222 | D:3      | Reached XP level 7. HP: 45/55 MP: 7/7
  5344 | D:4      | Killed Eustachio
  5517 | D:4      | Found a roughly hewn altar of Beogh.
  5634 | D:4      | Noticed Pikel
  6038 | D:4      | Noticed Robin
  6056 | D:3      | Reached skill level 5 in Fighting
  6690 | D:4      | Found a sacrificial altar of Ru.
  6929 | D:4      | Killed Robin
  6969 | D:4      | Reached XP level 8. HP: 59/62 MP: 8/8
  7101 | D:4      | HP: 2/62 [orc/hand axe (5)]
  7117 | D:4      | HP: 2/62 [orc/hand axe (2)]
  7620 | D:5      | Entered Level 5 of the Dungeon
  7822 | D:5      | You fall through a shaft!
  8077 | D:6      | Found a runed door.
  8127 | D:6      | Noticed AIAndy's ghost (novice OpTm)
  8254 | D:6      | Killed AIAndy's ghost
  8254 | D:6      | Reached skill level 5 in Armour
  8254 | D:6      | Reached skill level 5 in Dodging
  8254 | D:6      | Reached XP level 9. HP: 31/69 MP: 9/9
  8391 | D:6      | Reached skill level 5 in Unarmed Combat
  8464 | D:6      | Found a white marble altar of Elyvilon.
  8528 | D:6      | Found a sparkling altar of Nemelex Xobeh.
  8701 | D:6      | Found a staircase to the Ecumenical Temple.
  8826 | Temple   | Entered the Ecumenical Temple
  8858 | Temple   | Became a worshipper of Warmaster Okawaru
  9182 | D:5      | Noticed Edmund
  9267 | D:5      | Killed Edmund
  9463 | D:5      | Found a snail-covered altar of Cheibriados.
  9930 | D:4      | Found a sacrificial altar of Ru.
 10024 | D:4      | Found a roughly hewn altar of Beogh.
 10241 | D:2      | Killed Pikel
 10636 | D:7      | Noticed a five-headed hydra
 11041 | D:7      | Noticed a slime creature
 11062 | D:7      | HP: 1/71 [slime creature (15)]
 11063 | D:7      | Noticed a hippogriff
 11064 | D:7      | Mangled by a hippogriff

Vault maps used:
D:1:      lemuel_arrival_hallway, corexii_item_surrounded_by_moat
D:2:      kiku_gazebo_garden_becter, yredelemnul_altar_generic
D:3:      kennysheep_slugbush, vehumet_crystals, minivault_11, uniq_jessica
D:4:      nicolae_ru_the_path_less_chosen, first_ration, kennysheep_orc_chapel,
          uniq_ijyb, uniq_robin, uniq_sigmund, uniq_pikel, uniq_eustachio
D:5:      nicolae_overflow_crystal_walls, uniq_edmund
D:6:      elyvilon_altar_4, marbit_many_paths, minmay_temple_entry_fiery,
          ebering_ghost_sewer_d
D:7:      minmay_the_grid_triangle_9x9_recursive_2, xom_redecorated,
          minmay_holes, nicolae_water_bricks
Temple:   corrupted_temple

Skill      XL: |  1  2  3  4  5  6  7  8  9 |
---------------+----------------------------+-----
Dodging        | 1 2 3 5 6 |  6.0
Unarmed Combat | 1 2 3 4 5 |  5.9
Armour         | 2 3 4 5 6 |  6.1
Fighting       | 4 5 6 |  6.8
Axes           | |  1.0
Stealth        | |  2.0
Transmutations | |  1.0
Fire Magic     | |  2.0

Action                   |  1- 3 |  4- 6 |  7- 9 || total
-------------------------+-------+-------+-------++-------
Melee: Unarmed           |   221 |   433 |   816 ||  1470
       Punch             |       |     5 |    18 ||    23
       Dagger            |       |       |    21 ||    21
  Use: Potion            |     5 |     4 |     2 ||    11
       Scroll            |       |     9 |     8 ||    17
 Stab: Sleeping          |     2 |       |       ||     2
  Eat: Chunk             |     1 |    13 |    12 ||    26
       Ration            |       |       |     2 ||     2
Armor: Ring mail         |    95 |   133 |       ||   228
       Scale mail        |       |    12 |   182 ||   194
       Robe              |       |       |     6 ||     6
Dodge: Dodged            |   134 |   272 |   796 ||  1202

Table legend:
 A = Spawn XP
 B = Non-spawn XP
 C = Spawn XP percentage of total XP
 D = Spawn monster count
 E = Non-spawn monster count
 F = Spawn count percentage of total count
 G = Total turns spent on level
                    A         B        C        D         E        F      G
               +---------+---------+-------+---------+---------+-------+---------
         Total |       0 |    3264 |   0.0 |       0 |     139 |   0.0 | 11064
               +---------+---------+-------+---------+---------+-------+---------
           D:1 |       0 |      42 |   0.0 |       0 |      21 |   0.0 |  1278
           D:2 |       0 |     707 |   0.0 |       0 |      15 |   0.0 |  1676
           D:3 |       0 |     580 |   0.0 |       0 |      44 |   0.0 |  3329
           D:4 |       0 |     618 |   0.0 |       0 |      28 |   0.0 |  2100
           D:5 |       0 |     394 |   0.0 |       0 |      12 |   0.0 |  1014
           D:6 |       0 |     838 |   0.0 |       0 |      16 |   0.0 |  1118
           D:7 |       0 |      85 |   0.0 |       0 |       3 |   0.0 |   501
               +---------+---------+-------+---------+---------+-------+---------
